AoeStats
← 牛油果

Nomad

509613340Analyzed
3v3 RM · 4d ago on Sep 27, 2026· 45m 13s· 6 players
Game mode
Random Map
Map size
210×210
Population
200
Speed
Normal
Resources
Standard
Victory
Conquest
Starting age
Dark Age
Ending age
Imperial Age
RankedLock teamsTeams togetherTeam positionsShared explorationLock speedFull tech treeHidden civsTurbo modeCheats
Victory
Defeat
🇨🇴 Bohemians · Colombia
1487
+19
🇨🇳 Saracens · China
1473
+20
🇨🇳 Huns · China
1466
+20
🇭🇰 Chinese · Hong Kong SAR China
1609
-21
🇭🇰 Spanish · Hong Kong SAR China
1558
-20
🇭🇰 Saxons · Hong Kong SAR China
1517
-18
ahjol
10:06 Loom
13:40 Feudal Age
17:29 Castle Age
16:13 Stone Mining
16:50 Fletching
18:43 Double-Bit Axe
19:31 Gold Mining
19:54 Bow Saw
22:25 Scale Barding Armor
22:31 Forging
22:18 Fishing Lines
24:11 Bodkin Arrow
25:14 Medium Warships
26:35 Town Watch
27:19 Chain Barding Armor
29:48 Bloodlines
31:00 Wheelbarrow
36:24 Imperial Age
34:20 Husbandry
35:25 Gold Shaft Mining
35:36 Elite Skirmisher
36:17 Padded Archer Armor
37:13 Leather Archer Armor
37:31 Bracer
38:39 Conscription
39:53 Chemistry
39:37 Ballistics
41:42 Ring Archer Armor
42:41 Plate Barding Armor
43:01 Iron Casting
44:01 Hand Cart
43:52 Horse Collar
Figue
4:47 Loom
13:27 Feudal Age
17:27 Castle Age
15:58 Double-Bit Axe
16:13 Town Watch
16:15 Fishing Lines
18:54 Bow Saw
18:41 Fletching
19:27 Bodkin Arrow
20:24 Fervor
20:55 Wheelbarrow
20:46 Gillnets
22:41 Horse Collar
24:42 Sanctity
27:05 Masonry
28:51 Wagenburg Tactics
29:23 Ballistics
29:30 Hand Cart
29:34 Devotion
36:00 Imperial Age
34:28 Murder Holes
36:25 Chemistry
36:22 Heavy Plow
37:11 Conscription
36:16 Elite Hussite Wagon
38:40 Bracer
43:33 Two-Man Saw
45:06 Guilds
usqyn
7:07 Loom
16:31 Feudal Age
18:03 Fishing Lines
18:35 Town Watch
21:03 Castle Age
26:56 Imperial Age
24:45 Gillnets
25:58 Scale Barding Armor
27:34 Chain Barding Armor
27:52 Medium Warships
28:14 Forging
30:32 Wheelbarrow
30:42 Conscription
31:39 Husbandry
31:50 Bloodlines
34:44 Plate Barding Armor
35:48 Iron Casting
36:39 Double-Bit Axe
36:47 Gold Mining
36:47 Stone Mining
38:44 Blast Furnace
39:59 Hand Cart
39:33 Horse Collar
40:12 Bow Saw
42:10 Elite Tarkan
牛油果
2:58 Loom
13:08 Feudal Age
16:57 Castle Age
15:15 Double-Bit Axe
15:40 Fishing Lines
16:17 Town Watch
17:52 Bow Saw
17:32 Gillnets
22:13 Wheelbarrow
24:20 Horse Collar
29:08 Imperial Age
29:52 Fletching
31:31 Two-Man Saw
31:40 Bodkin Arrow
36:31 Bracer
37:56 Ballistics
40:11 Chemistry
41:59 Padded Archer Armor
羅敏莊
5:07 Loom
14:44 Feudal Age
19:10 Castle Age
17:22 Fishing Lines
21:19 Padded Archer Armor
23:59 Husbandry
30:06 Horse Collar
36:15 Double-Bit Axe
41:12 Heavy Plow
41:26 Bow Saw
42:49 Wheelbarrow
43:37 Gold Mining
43:37 Stone Mining
46:28 Imperial Age
45:03 Leather Archer Armor
45:03 Bloodlines
馬仔
3:01 Loom
15:59 Feudal Age
16:40 Fishing Lines
16:52 Double-Bit Axe
20:02 Castle Age
18:25 Fletching
18:40 Stone Mining
19:22 Scale Mail Armor
20:05 Wheelbarrow
19:59 Gold Mining
20:49 Squires
20:35 Arson
27:40 Chain Mail Armor
28:17 Forging
34:48 Imperial Age
34:29 Horse Collar
35:02 Bodkin Arrow
35:31 Bow Saw
36:05 Conscription
38:24 Chemistry
39:15 Plate Mail Armor
42:09 Hoardings
43:11 Masonry
43:30 Ballistics
43:05 Elite Varangian Guard
Connection lost

Rejoining the realm…

Still unreachable

The connection could not be restored.

Session expired

The server has moved on; the page needs a fresh start.